 Dungeon Crawl Stone Soup version 0.22.0-25-g7663229 (webtiles) character file.

9741 Lew the Protected (level 11, -7/68 HPs)
             Began as a Gargoyle Abyssal Knight on Aug 20, 2018.
             Was a High Priest of Lugonu.
             Hit by a poisoned javelin thrown by a minotaur (25 damage)
             ... in a labyrinth.
             The game lasted 00:30:06 (11238 turns).

Lew the Protected (Gargoyle Abyssal Knight)        Turns: 11238, Time: 00:30:07

Health: -7/68      AC: 22    Str: 19    XL:     11   Next: 51%
Magic:  16/16      EV: 11    Int: 13    God:    Lugonu [*****.]
Gold:   264        SH: 10    Dex:  9    Spells: 10/10 levels left

rFire    + . .     SeeInvis .   n - +6 spear (vamp)
rCold    . . .     Gourm    +   s - +0 shield
rNeg     + + +     Faith    .   h - +4 ring mail {rF+}
rPois    ∞         Spirit   .   o - +2 helmet
rElec    +         Reflect  .   (no cloak)
rCorr    .         Harm     .   (no gloves)
MR       .....                  (no boots)
Stlth    ..........             j - amulet of the gourmand
HPRegen  0.21/turn              f - ring of positive energy
MPRegen  0.15/turn              v - ring of positive energy

@: very slightly contaminated
A: negative energy resistance 1, electricity resistance, unbreathing,
petrification resistance, rot immunity, AC +8
a: Depart the Abyss, Bend Space, Banish, Corrupt, Enter the Abyss, Renounce
Religion


You were in a labyrinth.
You worshipped Lugonu.
Lugonu was extremely pleased with you.
You were very full.

You visited 2 branches of the dungeon, and saw 12 of its levels.
You visited the Abyss 1 time.
You also visited: Labyrinth.

You collected 563 gold pieces.
You spent 299 gold pieces at shops.

Inventory:

Hand Weapons
 m - a +0 war axe
 n - a +6 vampiric spear (weapon)
 q - a +2 dire flail of protection
Armour
 h - a +4 ring mail of fire resistance (worn)
 o - a +2 helmet (worn)
 s - a +0 shield (worn)
Jewellery
 f - a ring of positive energy (left hand)
 j - an amulet of the gourmand (around neck)
 u - an uncursed amulet of rage
 v - a ring of positive energy (right hand)
 z - an uncursed amulet of harm
Wands
 e - a wand of paralysis (27)
 w - a wand of random effects (37)
 x - a wand of disintegration (19)
 B - a wand of digging (10)
Scrolls
 b - 4 scrolls of teleportation
 i - 2 scrolls of amnesia
 k - a scroll of identify
 r - 4 scrolls of remove curse
 t - a scroll of fog
 A - 3 scrolls of silence
 E - a scroll of immolation
Potions
 a - a potion of brilliance
 d - a potion of lignification
 g - 2 potions of agility
 l - 5 potions of curing
 p - 4 potions of heal wounds
 D - a potion of mutation
Comestibles
 c - 14 rations


   Skills:
 + Level 7.7 Fighting
 * Level 7.5 Axes
 * Level 9.0 Armour
 - Level 5.0 Dodging
 * Level 7.1 Shields
 * Level 7.3 Invocations
 + Level 4.6 Evocations


You had 10 spell levels left.
You didn't know any spells.
Your spell library contained the following spells:

 Spells                   Type           Power        Failure   Level  Hunger
 Animate Skeleton         Necr           N/A          80%         1    ##.....
 Apportation              Tloc           #.....       80%         1    ##.....
 Confusing Touch          Hex            #.....       80%         1    ##.....
 Corona                   Hex            #......      80%         1    ##.....
 Infusion                 Chrm           #...         80%         1    ##.....
 Pain                     Necr           #...         80%         1    ##.....
 Summon Butterflies       Summ           #.......     80%         1    ##.....
 Ensorcelled Hibernation  Hex/Ice        #.....       90%         2    ###....
 Shroud of Golubria       Chrm/Tloc      #.........   90%         2    ###....
 Song of Slaying          Chrm           #.......     90%         2    ###....
 Confuse                  Hex            #.......     99%         3    ####...
 Dazzling Spray           Conj/Hex       #.....       99%         3    ####...
 Gell's Gravitas          Tloc           #.........   99%         3    ####...
 Ignite Poison            Fire/Tmut/Pois #.......     99%         3    ####...
 Lesser Beckoning         Tloc           #.........   99%         3    ####...
 Regeneration             Chrm/Necr      #.........   99%         3    ####...
 Spectral Weapon          Hex/Chrm       #.......     99%         3    ####...
 Tukima's Dance           Hex            #.......     99%         3    ####...
 Vampiric Draining        Necr           #.........   99%         3    ####...
 Animate Dead             Necr           N/A          100%        4    #####..
 Petrify                  Tmut/Erth      #.......     100%        4    #####..
 Alistair's Intoxication  Tmut/Pois      #.......     100%        5    ######.
 Fireball                 Conj/Fire      #.........   100%        5    ######.
 Metabolic Englaciation   Hex/Ice        #.........   100%        5    ######.
 Yara's Violent Unravell  Hex/Tmut       #.........   100%        5    ######.
 Bolt of Fire             Conj/Fire      #.........   100%        6    #######
 Invisibility             Hex            #.......     100%        6    #######
 Ring of Flames           Chrm/Fire      #.........   100%        7    #######
 Ignition                 Fire           #.........   100%        8    #######


Dungeon Overview and Level Annotations

Branches:
Dungeon (11/15)            Temple (1/1) D:7            Lair (0/6) D:9
    Orc (0/2) D:11

Altars:
Ashenzari
Cheibriados
Dithmenos
Elyvilon
Fedhas
Gozag
Hepliaklqana
Kikubaaqudgha
Makhleb
Nemelex Xobeh
Okawaru
Qazlal
Ru
Sif Muna
Trog
Uskayaw
Vehumet
Wu Jian
Xom
Yredelemnul
Zin
The Shining One

Shops:
D:6 *


Innate Abilities, Weirdness & Mutations

You are resistant to torment.
Your stone body is resilient. (AC +8)
You are immune to poison.
You resist negative energy. (rN+)
You are resistant to electric shocks. (rElec)
You can survive without breathing.
You are immune to petrification.
You are immune to rotting.


Message History

You see here a poisoned javelin.
The minotaur throws a poisoned javelin.
The poisoned javelin hits you.
You see here 2 poisoned javelins.
Attack whom?
Press: ? - help, Dir - move target cursor, f - minotaur
Aim: a minotaur, wielding a great sword, wearing a chain mail and wearing an encrusted opal ring You reach to attack!
You hit the minotaur but do no damage.
The minotaur throws a poisoned javelin.
The poisoned javelin hits you!!
* * * LOW HITPOINT WARNING * * *
Attack whom?
Press: ? - help, Dir - move target cursor, f/p - minotaur
Aim: a minotaur, wielding a great sword, wearing a chain mail and wearing an encrusted opal ring You reach to attack!
You hit the minotaur but do no damage.
The minotaur throws a poisoned javelin.
The poisoned javelin closely misses you.
The minotaur throws a poisoned javelin.
The poisoned javelin hits you but does no damage.
You see here 2 poisoned javelins.
The minotaur throws a poisoned javelin.
The poisoned javelin hits you!!
You die...

#. . .#
. #####
.... ..
. .. . #
.#######
. # # #.
.....# .
# #.#
#.###H#.
.# . ..
.#.# #.#
. ### #
#.#.#
#(#. .#
. . .#.
#(# ..#
. #
#...#@#.
# . # ..
.### #.#
# . .
#.#..
...(#
.#.# #
#######
# . #
#.... .
. # . ..
.. # # #
. .. ##
# . . ..
### #


You could see a minotaur.

Vanquished Creatures
  Harold (D:8)
  2 two-headed ogres (D:10)
  Pikel (D:5)
  4 centaur skeletons
  A gargoyle (D:9)
  2 komodo dragons
  2 hippogriffs
  A centaur simulacrum (D:10)
  A spriggan (D:7)
  3 yaks (D:9)
  A redback (Lab)
  A wyvern (D:10)
  A hungry ghost (D:10)
  Edmund (D:5)
  An acid dragon (D:10)
  A water moccasin (D:10)
  The ghost of sking99 the Ducker, an amateur FeTm of Elyvilon (D:5)
  4 slaves (D:5)
  A sky beast (D:5)
  2 black bears
  5 ice beasts
  An orc warrior (D:8)
  A necrophage (D:10)
  2 ogres
  4 centaurs
  A phantom (D:4)
  A big kobold (D:7)
  7 bullfrogs
  3 scorpions
  11 killer bees (D:10)
  A spriggan skeleton (Lab)
  A howler monkey (D:7)
  A troll skeleton (Lab)
  2 crimson imps
  3 bullfrog zombies
  4 hounds
  3 orc priests
  A jelly (D:7)
  A bullfrog skeleton (D:5)
  2 iguanas
  6 orc wizards
  Ijyb (D:3)
  8 worker ants
  2 hound skeletons
  A worker ant zombie (D:10)
  Robin (D:2)
  3 gnolls (D:3)
  A howler monkey skeleton (D:8)
  13 adders
  3 shadow imps
  An adder zombie (D:7)
  2 adder skeletons
  3 worms
  4 dart slugs
  5 leopard geckos
  24 orcs
  7 bats
  3 giant cockroaches
  13 goblins
  8 hobgoblins
  5 jackals
  12 kobolds
  6 quokkas
  3 ball pythons
  2 frilled lizards
  A leopard gecko skeleton (D:5)
  9 rats
234 creatures vanquished.

Vanquished Creatures (others)
  An orc wizard (D:8)
  14 plants (D:9)
  A withered plant (D:5)
16 creatures vanquished.

Grand Total: 250 creatures vanquished

Notes
Turn   | Place    | Note
-------+----------+-------------------------------------------
     0 | Abyss:1  | Lew the Gargoyle Abyssal Knight began the quest for the Orb.
     0 | Abyss:1  | Reached XP level 1. HP: 14/14 MP: 2/2
    71 | Abyss:3  | Noticed a smoke demon
    72 | D:1      | Escaped the Abyss
   312 | D:1      | Reached * piety under Lugonu
   345 | D:1      | Reached skill level 1 in Dodging
   345 | D:1      | Reached XP level 2. HP: 17/19 MP: 3/3
   928 | D:2      | Reached XP level 3. HP: 21/23 MP: 4/4
  1472 | D:2      | Noticed Robin
  1493 | D:2      | Killed Robin
  1493 | D:2      | Reached XP level 4. HP: 12/29 MP: 5/5
  1970 | D:2      | Reached ** piety under Lugonu
  2397 | D:3      | Noticed Ijyb
  2399 | D:3      | Paralysed by Ijyb for 5 turns
  2419 | D:3      | Killed Ijyb
  2419 | D:3      | Reached skill level 3 in Armour
  2495 | D:3      | Reached XP level 5. HP: 33/33 MP: 7/7
  2501 | D:3      | Found an iron altar of Okawaru.
  3903 | D:4      | Reached XP level 6. HP: 38/39 MP: 8/8
  3953 | D:4      | Found a shimmering altar of Xom.
  4068 | D:4      | Noticed a phantom
  4095 | D:4      | Killed a phantom
  4258 | D:4      | Reached *** piety under Lugonu
  4258 | D:4      | Reached skill level 4 in Armour
  4265 | D:4      | Reached XP level 7. HP: 27/44 MP: 9/9
  4378 | D:5      | Entered Level 5 of the Dungeon
  4378 | D:5      | Found a radiant altar of Vehumet.
  4379 | D:5      | Noticed Pikel
  4478 | D:5      | Killed Pikel
  4478 | D:5      | Reached skill level 5 in Fighting
  4478 | D:5      | Reached skill level 5 in Armour
  4478 | D:5      | Reached skill level 1 in Evocations
  4478 | D:5      | Reached XP level 8. HP: 50/50 MP: 9/11
  4597 | D:5      | Noticed Edmund
  4639 | D:5      | Killed Edmund
  5086 | D:5      | Found a hide-covered altar of Uskayaw.
  5167 | D:5      | Noticed sking99's ghost (amateur FeTm)
  5169 | D:5      | Found a runed door.
  5426 | D:5      | Killed sking99's ghost
  5952 | D:6      | Reached skill level 1 in Shields
  6086 | D:6      | Noticed an angel
  6088 | D:6      | Found a white marble altar of Elyvilon.
  6090 | D:6      | Found Sianwimn's Hallowed Reliquary.
  6101 | D:6      | Bought a potion of heal wounds for 65 gold pieces
  6101 | D:6      | Bought a potion of curing for 39 gold pieces
  6101 | D:6      | Bought a potion of heal wounds for 65 gold pieces
  6101 | D:6      | Bought a potion of heal wounds for 65 gold pieces
  6101 | D:6      | Bought a potion of heal wounds for 65 gold pieces
  6408 | D:7      | Reached XP level 9. HP: 44/55 MP: 12/12
  6409 | D:7      | Found an ancient bone altar of Kikubaaqudgha.
  6477 | D:7      | Found a staircase to the Ecumenical Temple.
  6511 | Temple   | Entered the Ecumenical Temple
  6706 | D:7      | Reached skill level 5 in Axes
  6706 | D:7      | Reached skill level 6 in Armour
  6736 | D:7      | Reached skill level 5 in Invocations
  6972 | D:7      | Found a blossoming altar of Fedhas.
  7533 | D:8      | Noticed Harold
  7595 | D:8      | Killed Harold
  7595 | D:8      | Reached skill level 7 in Armour
  7595 | D:8      | Reached XP level 10. HP: 7/61 MP: 12/14
  8301 | D:8      | Reached **** piety under Lugonu
  8615 | D:8      | Reached skill level 5 in Shields
  9076 | D:9      | Found a staircase to the Lair.
  9117 | D:9      | Noticed a gargoyle
  9126 | D:9      | Killed a gargoyle
  9525 | D:9      | Reached skill level 8 in Armour
  9673 | D:10     | Entered Level 10 of the Dungeon
  9819 | D:10     | Reached skill level 5 in Dodging
  9999 | D:10     | Noticed a two-headed ogre
 10016 | D:10     | Reached XP level 11. HP: 34/67 MP: 15/15
 10034 | D:10     | Killed a two-headed ogre
 10188 | D:10     | Reached ***** piety under Lugonu
 10353 | D:10     | Noticed a two-headed ogre
 10379 | D:10     | Killed a two-headed ogre
 10798 | D:10     | Reached skill level 9 in Armour
 10947 | D:11     | Found a hazy altar of Hepliaklqana.
 10965 | D:11     | Found a labyrinth entrance.
 10974 | Lab      | Entered a labyrinth
 11214 | Lab      | Noticed a minotaur
 11238 | Lab      | Hit by a poisoned javelin thrown by a minotaur

Skill      XL: |  1  2  3  4  5  6  7  8  9 10 11 |
---------------+----------------------------------+-----
Dodging        | 1 2 3 4 5 |  5.0
Axes           | 2 3 4 5 6 7 |  7.5
Armour         | 3 4 5 7 8 9 |  9.0
Fighting       | 4 5 6 7 |  7.7
Invocations    | 3 4 5 6 7 |  7.3
Evocations     | 1 2 3 4 |  4.6
Shields        | 2 4 6 7 |  7.1

Action                   |  1- 3 |  4- 6 |  7- 9 | 10-12 || total
-------------------------+-------+-------+-------+-------++-------
Melee: Hand axe          |   163 |     2 |       |       ||   165
       Spear             |       |   318 |   508 |   655 ||  1481
       Dire flail        |       |       |    32 |       ||    32
Invok: Depart the Abyss  |     1 |       |       |       ||     1
  Use: Scroll            |     3 |     7 |     8 |    10 ||    28
       Potion            |     1 |     2 |     3 |     1 ||     7
 Stab: Invisible         |       |       |       |     2 ||     2
  Eat: Chunk             |     1 |    17 |    11 |    24 ||    53
       Ration            |       |     2 |       |     1 ||     3
Armor: Plate armour      |   158 |   210 |   252 |       ||   620
       Ring mail         |       |       |    97 |   245 ||   342
Dodge: Dodged            |    55 |    65 |   133 |   260 ||   513
Block: Shield            |       |       |   119 |   286 ||   405
